 Dungeon Crawl Stone Soup version 0.19-a0-36-g4a0968a (webtiles) character file.

153 M4edhros the Insei (level 5, -3/31 HPs)
             Began as an Octopode Necromancer on May 3, 2016.
             Slain by an ogre
             ... wielding a +0 giant club
              (12 damage)
             ... on level 5 of the Dungeon.
             The game lasted 00:10:11 (1279 turns).

M4edhros the Insei (Octopode Necromancer)           Turns: 1279, Time: 00:10:13

Health: -3/31      AC:  1    Str:  7    XL:     5   Next: 35%
Magic:  4/8        EV: 12    Int: 17    God:
Gold:   149        SH:  0    Dex: 14    Spells: 4 memorised, 1 level left

rFire  . . .     SeeInvis .       - Unarmed
rCold  . . .     Gourm    .     (no shield)
rNeg   . . .     Faith    .     (helmet restricted)
rPois  .         Spirit   .     (no amulet)
rElec  .         Dismiss  .     (no ring)
rCorr  .         Reflect  .     (no ring)
SustAt .         Harm     .     (no ring)
MR     .....                    (no ring)
Stlth  +++.......               (no ring)
                                (no ring)
                                (no ring)
                                (no ring)

@: confusing touch (expiring), not resistant to hostile enchantments, fairly
stealthy
A: almost no armour, amphibious, 8 rings, constrict 8, camouflage 1, gelatinous
body 1
a: no special abilities


You were on level 5 of the Dungeon.
You were not hungry.

You visited 1 branch of the dungeon, and saw 5 of its levels.

You collected 149 gold pieces.

Inventory:

Wands
 k - a wand of teleportation (5/9)
Scrolls
 d - 2 scrolls of noise {unknown}
 e - a scroll of blinking {unknown}
 g - 2 scrolls of teleportation {unknown}
 j - a scroll of amnesia {unknown}
 l - 2 scrolls of enchant weapon {unknown}
 m - 3 scrolls of remove curse {unknown}
 n - a scroll of random uselessness {unknown}
 q - 6 scrolls of identify {unknown}
Books
 a - a book of Necromancy

   Spells                             Type                      Level
   a - Pain                           Necromancy                   1
   b - Animate Skeleton               Necromancy                   1
   c - Vampiric Draining              Necromancy                   3
   d - Regeneration                   Charms/Necromancy            3
   e - Animate Dead                   Necromancy                   4
   f - Control Undead                 Necromancy                   4
 r - a book of Misfortune

   Spells                             Type                      Level
   a - Confusing Touch                Hexes                        2
   b - Confuse                        Hexes                        3
   c - Gell's Gravitas                Hexes/Translocation          3
   d - Petrify                        Transmutation/Earth          4
   e - Metabolic Englaciation         Hexes/Ice                    5
   f - Yara's Violent Unravelling     Hexes/Transmutation          5
Comestibles
 b - a bread ration
 c - a slice of pizza
 f - 2 meat rations
 h - 3 chunks of flesh


   Skills:
 - Level 2.0 Dodging
 - Level 2.6 Stealth
 + Level 4.2 Unarmed Combat
 - Level 2.0 Spellcasting
 * Level 2.1 Hexes
 - Level 4.0 Necromancy


You had one spell level left.
You knew the following spells:

 Your Spells              Type           Power        Failure   Level  Hunger
a - Pain                  Necr           ###.         3%          1    #......
b - Animate Skeleton      Necr           N/A          3%          1    #......
c - Confusing Touch       Hex            #.....       14%         2    ###....
r - Regeneration          Chrm/Necr      #.........   24%         3    ###....


Dungeon Overview and Level Annotations

Branches:
Dungeon (5/15)
 Temple: D:4-7

Altars:
Gozag
Nemelex Xobeh
Xom

Annotations:
D:3 Graouh's ghost, amateur MiFi


Innate Abilities, Weirdness & Mutations

You cannot wear most types of armour.
You are amphibious.
You can wear up to eight rings at the same time.
You can use your tentacles to constrict eight enemies at once.
Your skin changes colour to match your surroundings (Stealth).
Your rubbery body absorbs attacks (AC +1).


Message History

There is an opulent altar of Gozag here.
You open the door.
An ogre comes into view. It is wielding a giant club.
The ogre shouts!
There is an open door here.
Casting: Animate Skeleton
Confirm with . or Enter, or press ? or * to list all spells.
Okay, then.
Casting: Animate Skeleton
Confirm with . or Enter, or press ? or * to list all spells.
Your tentacles begin to glow red.
The ogre hits you with a giant club!!
Ouch! That really hurt!
* * * LOW HITPOINT WARNING * * *
Really attack while wielding your book of Necromancy?
Okay, then.
You are now empty-tentacled.
Your centaur skeleton hits the ogre but does no damage.
You tentacle-slap the ogre but do no damage.
The ogre hits you with a giant club!
You die...

............# #..
............# ###.###
##'###......# #.....#
##..##......# #.#.###
##..##.....#####.._..#
##..##.....#...###.#.#
.+..)......#...#.....#
.#.........'...###.###
##..########....@Z.#
##..##..#.....###O##
....#...#.....#..........
....#...#.....#..........
##..#...+.....#...##.....
#..'...#.....#...# .....
##'#####.....#.... ....
#..#.........#...# ...
#..#...... #...# ...


You could see an ogre and a friendly centaur skeleton.

Vanquished Creatures
  A centaur (D:5)
  A crimson imp (D:4)
  An adder (D:3)
  3 worms
  2 giant cockroaches
  2 goblins
  A hobgoblin (D:3)
  A kobold (D:1)
  4 quokkas
  A ball python (D:2)
  A ball python skeleton (D:5)
  3 bats (D:3)
  3 giant newts
  4 rats
28 creatures vanquished.

Vanquished Creatures (collateral kills)
  2 butterflies (D:2)
2 creatures vanquished.

Grand Total: 30 creatures vanquished

Notes
Turn   | Place    | Note
--------------------------------------------------------------
     0 | D:1      | M4edhros the Octopode Necromancer began the quest for the Orb.
     0 | D:1      | Reached XP level 1. HP: 11/11 MP: 3/3
   115 | D:2      | Found a sparkling altar of Nemelex Xobeh.
   127 | D:2      | Reached skill level 1 in Unarmed Combat
   147 | D:2      | Learned a level 1 spell: Animate Skeleton
   222 | D:2      | Found a shimmering altar of Xom.
   254 | D:2      | Reached XP level 2. HP: 16/17 MP: 0/5
   398 | D:3      | Noticed Graouh's ghost (amateur MiFi)
   688 | D:3      | Reached XP level 3. HP: 2/21 MP: 1/6
   693 | D:3      | Learned a level 3 spell: Regeneration
   972 | D:4      | Reached XP level 4. HP: 21/27 MP: 5/7
   976 | D:4      | Learned a level 2 spell: Confusing Touch
   999 | D:5      | Entered Level 5 of the Dungeon
   999 | D:5      | Noticed a water moccasin
   999 | D:5      | Noticed a centaur
  1143 | D:5      | Noticed a centaur
  1173 | D:5      | HP: 1/27 [centaur (1)]
  1174 | D:5      | Killed a centaur
  1174 | D:5      | Reached XP level 5. HP: 2/31 MP: 2/8
  1255 | D:5      | Found an opulent altar of Gozag.
  1274 | D:5      | Noticed an ogre
  1279 | D:5      | Slain by an ogre

Vault maps used:
D:1:      scummos_arrival_checkerplants
D:2:      lemuel_crystal_altar, xom_butterflies, ashenzari_altar_1
D:3:      minitemple
D:4:      first_bread, uniq_crazy_yiuf_cottage
D:5:      temple_doors_b, serial_shops, shop,
          nicolae_gozag_cash_rules_everything_around_me, uniq_menkaure

Skill      XL: |  1  2  3  4 |
---------------+-------------+-----
Unarmed Combat | 1 2 3 4 |  4.2
Hexes          | 2 |  2.1
Dodging        | |  2.0
Stealth        | |  2.6
Spellcasting   | |  2.0
Necromancy     | |  4.0

Action                   |  1- 3 |  4- 6 || total
-------------------------+-------+-------++-------
Melee: Unarmed           |    30 |    17 ||    47
       Constrict         |    11 |     1 ||    12
       Tentacles         |     4 |     2 ||     6
 Cast: Pain              |    29 |       ||    29
       Animate Skeleton  |     9 |     1 ||    10
       Regeneration      |     2 |     3 ||     5
       Confusing Touch   |       |     2 ||     2
  Use: Potion            |     1 |     4 ||     5
 Stab: Sleeping          |     1 |       ||     1
  Eat: Chunk             |     1 |     2 ||     3
Armor: Skin              |     3 |     2 ||     5
Dodge: Dodged            |    15 |    10 ||    25
